 Dungeon Crawl Stone Soup version 0.31-a0-662-g684573625c (webtiles) character file.

Game seed: 1591196949940452592

402 AiryTheDragon the Gusty (level 6, -9/47 HPs)
             Began as a Draconian Air Elementalist on Sept 1, 2023.
             Mangled by an ogre
             ... wielding a +0 giant spiked club
              (17 damage)
             ... on level 4 of the Dungeon.
             The game lasted 00:49:36 (4376 turns).

AiryTheDragon the Gusty (DrAE)                      Turns: 4376, Time: 00:49:36

Health: -9/47      AC:  7    Str: 21    XL:     6   Next: 55%
Magic:  4/10       EV: 12    Int: 17    God:
Gold:   200        SH:  0    Dex:  6    Spells: 2/11 levels left

rFire   . . .        r - +2 mace of Valour {flame, rC+ Will- Str+4 Dex-2}
rCold   + . .        (no shield)
rNeg    . . .        (body armour unavailable)
rPois   +            (helmet restricted)
rElec   .            (no cloak)
rCorr   +            (no gloves)
SInv    .            w - +0 pair of boots
Will    .....        s - amulet of Oxie {Faith rCorr Dex-3 Stlth+}
Stlth   +++          G - +6 ring of strength
HPRegen 0.27/turn    (no ring)
MPRegen 0.12/turn

%: clarity, faith
@: very slightly contaminated
A: AC +6, unfitting armour, cold-blooded, clarity, poison resistance
a: no special abilities


You were on level 4 of the Dungeon.
You visited 2 branches of the dungeon, and saw 6 of its levels.

You collected 200 gold pieces.

Inventory:

Hand Weapons
 c - a +0 club
 g - a +1 dagger of venom
 n - a +0 heavy war axe
 r - the +2 mace of Valour (weapon) {flame, rC+ Will- Str+4 Dex-2}
   (You found it on level 2 of the Dungeon)

   Str+4:     It affects your strength (+4).
   Dex-2:     It affects your dexterity (-2).
   rC+:       It protects you from cold.
   Will-:     It decreases your willpower.
 E - a +0 hand axe of electrocution
Missiles
 p - 6 boomerangs
 v - 3 poisoned darts
 C - 6 javelins
Armour
 w - a +0 pair of boots (worn)
Jewellery
 s - the amulet of Oxie (around neck) {Faith rCorr Dex-3 Stlth+}
   (You found it on level 2 of the Dungeon)

   [amulet of faith]

   Faith:     It allows you to gain divine favour quickly.
   Dex-3:     It affects your dexterity (-3).
   rCorr:     It protects you from acid and corrosion.
   Stlth+:    It makes you more stealthy.
 D - the amulet of Elemental Vulnerability {rPois rF-- rC-- AC+8}
   (You found it on level 5 of the Dungeon)

   [amulet of nothing]

   AC+8:      It affects your AC (+8).
   rF--:      It makes you very vulnerable to fire.
   rC--:      It makes you very vulnerable to cold.
   rPois:     It protects you from poison
 G - a +6 ring of strength (left hand)
Scrolls
 b - 2 scrolls of fear {unknown}
 f - a scroll of poison {unknown}
 l - a scroll of torment {unknown}
 m - 2 scrolls of revelation
 o - a scroll of identify
 q - 2 scrolls of immolation {unknown}
 u - 2 scrolls of amnesia {unknown}
 x - 2 scrolls of noise {unknown}
 y - 2 scrolls of fog {unknown}
 A - a scroll of summoning {unknown}
Potions
 a - 2 potions of magic
 d - 6 potions of curing
 e - 2 potions of ambrosia {unknown}
 h - 4 potions of degeneration
 i - a potion of attraction {unknown}
 j - a potion of resistance {unknown}
 k - a potion of mutation
 z - a potion of might {unknown}
 B - a potion of enlightenment {unknown}
 F - a potion of haste {unknown}


   Skills:
 + Level 1.4 Fighting
 + Level 2.2 Maces & Flails
 + Level 3.1 Dodging
 + Level 2.9 Stealth
 + Level 0.1 Unarmed Combat
 + Level 3.0 Spellcasting
 + Level 2.0 Conjurations
 + Level 4.4 Air Magic


You had 2 spell levels left.
You knew the following spells:

 Your Spells              Type           Power      Damage    Failure   Level
a - Shock                 Conj/Air       52%        1d6       4%          1
b - Static Discharge      Conj/Air       26%        2-4/arc   7%          2
c - Cigotuvi's Dreadful   Necr/Pois/Air  14%        N/A       14%         2
d - Vhi's Electric Charg  Tloc/Air       20%        N/A       56%         4

Your spell library contained the following spells:

 Spells                   Type           Power      Damage    Failure   Level
 Swiftness                Air            17%        N/A       9%          3
 Airstrike                Air            8%         2d(2-18)  28%         4
 Arcjolt                  Conj/Air       6%         1d16      77%         5
 Dispel Undead            Necr           2%         3d7       86%         4
 Death Channel            Necr           1%         N/A       100%        6
 Maxwell's Capacitive Co  Air            8%         ∞         100%        8


Dungeon Overview and Level Annotations

Branches:
Dungeon (5/15)             Temple (1/1) D:4

Altars:
Ashenzari
Cheibriados
Dithmenos
Elyvilon
Fedhas
Gozag
Hepliaklqana
Kikubaaqudgha
Makhleb
Nemelex Xobeh
Okawaru
Qazlal
Ru
Sif Muna
Trog
Uskayaw
Vehumet
Wu Jian
Xom
Yredelemnul
Zin
The Shining One


Innate Abilities, Weirdness & Mutations

Your plain brown scales are hard. (AC +6)
You cannot fit into any form of body armour.
You are cold-blooded and may be slowed by cold attacks.
You possess an exceptional clarity of mind.
Your system is resistant to poisons. (rPois)


Message History

Casting: Shock (safe; 4% risk of failure)
Confirm with . or Enter, or press ? or * to list all spells.
The ogre is struck by an arc of lightning.
The ogre is heavily wounded.
You are struck by an arc of lightning.
* * * LOW HITPOINT WARNING * * *
The ogre is struck by an arc of lightning.
The ogre is severely wounded.
The lightning grounds out.
Aiming: Polymorph
Press: ? - help, Shift-Dir - straight line, f/p - ogre
Aim: an ogre, wielding a +0 giant spiked club (severely wounded, will become a kobold, a golden eye, or a fire bat, chance to affect: 49%)
The ogre resists with some effort.
The ogre hits you with a +0 giant spiked club!
* * * LOW HITPOINT WARNING * * *
Casting: Static Discharge (safe; 7% risk of failure)
Confirm with . or Enter, or press ? or * to list all spells.
Okay, then.
Aiming: Polymorph
Press: ? - help, Shift-Dir - straight line, f/p - ogre
Aim: an ogre, wielding a +0 giant spiked club (severely wounded, will become a kobold, a golden eye, or a fire bat, chance to affect: 49%)
The ogre resists with some effort.
The ogre barely misses you.
Aiming: Polymorph
Press: ? - help, Shift-Dir - straight line, f/p - ogre
Aim: an ogre, wielding a +0 giant spiked club (severely wounded, will become a kobold, a golden eye, or a fire bat, chance to affect: 49%)
The ogre resists with some effort.
The now-empty wand crumbles to dust.
Unknown command.
Okay, then.
The ogre attacks as it pursues you! The ogre barely misses you.
Casting: Static Discharge (safe; 7% risk of failure)
Confirm with . or Enter, or press ? or * to list all spells.
Aiming: Shock (safe; 4% risk of failure)
Press: ? - help, Shift-Dir - straight line, f/p - ogre
Aim: an ogre, wielding a +0 giant spiked club (severely wounded, 85% to hit)
The zap hits the ogre.
The ogre is almost dead.
The zap hits the ogre.
The ogre is almost dead.
The ogre hits you with a +0 giant spiked club!
You die...

###...#####..#.#.....#.....####
###.))##..#..#......#.####
###.....#..#.....####
###..##...#.###.#
##..#...##.....#
##.#..........# #...........##
##.#........# #..O@.....#
##.#.....## #......## ##..####
#.## .#. # ##


You could see an ogre.

Vanquished Creatures
  A centaur (D:5)
  2 orc priests
  Jessica (D:3)
  2 orc wizards (D:4)
  7 adders
  2 gnolls (D:4)
  A shadow imp (D:5)
  3 worms
  3 dart slugs
  13 orcs
  12 ball pythons
  6 endoplasms
  2 giant cockroaches (D:1)
  9 goblins
  3 hobgoblins
  6 jackals
  4 quokkas
  6 bats
  3 frilled lizards (D:1)
  3 kobolds
  3 rats
92 creatures vanquished.

Notes
Turn   | Place    | Note
-------+----------+-------------------------------------------
     0 | D:1      | AiryTheDragon the Draconian Air Elementalist began the
                  | quest for the Orb.
     0 | D:1      | Reached XP level 1. HP: 14/14 MP: 3/3
   184 | D:1      | Reached XP level 2. HP: 19/20 MP: 0/5
   686 | D:1      | Reached XP level 3. HP: 25/26 MP: 6/6
  1126 | D:2      | Learned a level 2 spell: Static Discharge
  1142 | D:2      | Identified the +2 mace of Valour {flame, rC+ Will- Str+4
                  | Dex-2}
  1151 | D:2      | Identified the amulet of Oxie {Faith rCorr Dex-3 Stlth+}
  1853 | D:3      | Reached XP level 4. HP: 26/33 MP: 0/7
  2554 | D:3      | Noticed Jessica
  2555 | D:3      | Killed Jessica
  2556 | D:3      | Reached skill level 4 in Air Magic
  2568 | D:3      | Reached XP level 5. HP: 39/39 MP: 8/8
  2726 | D:3      | Identified the +0 leather armour of Rotten Awe {rC+ Will+
                  | Int+3}
  3147 | D:4      | Reached skill level 1 in Maces & Flails
  3172 | D:4      | Noticed an ogre
  3173 | D:4      | Found a staircase to the Ecumenical Temple.
  3182 | Temple   | Entered the Ecumenical Temple
  3265 | Temple   | Learned a level 2 spell: Cigotuvi's Dreadful Rot
  3271 | D:4      | Noticed a phantom
  3278 | D:4      | Noticed an ogre
  3294 | D:5      | Entered Level 5 of the Dungeon
  3389 | D:5      | Noticed a centaur
  3397 | D:5      | Killed a centaur
  3398 | D:5      | Reached skill level 1 in Fighting
  3398 | D:5      | Reached XP level 6. HP: 23/47 MP: 5/10
  3403 | D:5      | Learned a level 4 spell: Vhi's Electric Charge
  4046 | D:5      | Found the amulet of Elemental Vulnerability {rPois rF--
                  | rC-- AC+8}
  4194 | D:4      | Found a glowing silver altar of Zin.
  4214 | D:4      | Gained mutation: Your spells are a little easier to cast,
                  | but a little less powerful. [potion of mutation]
  4214 | D:4      | Gained mutation: You have large cloven feet. [potion of
                  | mutation]
  4223 | D:4      | Lost mutation: Your spells are a little easier to cast, but
                  | a little less powerful. [potion of mutation]
  4223 | D:4      | Lost mutation: You have large cloven feet. [potion of
                  | mutation]
  4223 | D:4      | Gained mutation: Your system is resistant to poisons.
                  | (rPois) [potion of mutation]
  4223 | D:4      | Gained mutation: You possess an exceptional clarity of
                  | mind. [potion of mutation]
  4376 | D:4      | Mangled by an ogre

Illustrated notes

Levels and vault maps discovered:
D:1:      kennysheep_arrival_forest, layout_basic
D:2:      layout_basic, eino_tiny_chamber
D:3:      layout_basic, uniq_jessica
D:4:      nicolae_BIG_FREAKIN_CUBE, layout_cave_pods, kennysheep_little_box,
          minmay_temple_entry_junction_2, nrook_uturn
D:5:      layout_loops_corners
Temple:   mainiacjoe_temple_hex_bubbles

Skill      XL: |  1  2  3  4  5  6 |
---------------+-------------------+-----
Dodging        | 2 3 |  3.1
Stealth        | 2 |  2.9
Air Magic      | 4 |  4.4
Maces & Flails | 1 2 |  2.2
Fighting       | 1 |  1.4
Spellcasting   | 3 |  3.0
Conjurations   | 2 |  2.0
Unarmed Combat | |  0.1

Action                     |  1- 3 |  4- 6 || total
---------------------------+-------+-------++-------
  Melee: Unarmed           |    14 |       ||    14
         Club              |     7 |       ||     7
         Tailslap          |     6 |     5 ||    11
         Punch             |     1 |     1 ||     2
         Dagger            |    32 |       ||    32
         Mace              |    19 |    71 ||    90
   Cast: Shock             |    38 |    42 ||    80
         Static Discharge  |     5 |    24 ||    29
  Evoke: Wand              |       |     5 ||     5
    Use: Potion            |     2 |     3 ||     5
         Scroll            |       |     6 ||     6
   Stab: Sleeping          |     4 |    10 ||    14
 Armour: Skin              |    62 |    93 ||   155
  Dodge: Dodged            |    80 |    89 ||   169

Table legend: (Time is in decaauts)
 A = Elapsed time spent in this place.
 B = Non-inter-level travel time spent in this place.
 C = Inter-level travel time spent in this place.
 D = Time resting spent in this place.
 E = Time spent auto-exploring this place.
 F = Levels seen in this place.
 G = Mean time per level.
                   A        B        C        D        E       F      G
               +--------+--------+--------+--------+--------+-----+--------+
         Total |   4410 |   4312 |     98 |    120 |   3352 |   6 |  735.0 |
       Dungeon |   4327 |   4229 |     98 |     63 |   3336 |   5 |  865.4 |
        Temple |     83 |     83 |      0 |     57 |     16 |   1 |   83.0 |
               +--------+--------+--------+--------+--------+-----+--------+

Top non-repeatable levels by time:
     D:3: 1186 daAuts
     D:1: 942 daAuts
     D:5: 887 daAuts
     D:2: 847 daAuts
     D:4: 463 daAuts
  Temple: 83 daAuts
